 Dungeon Crawl Stone Soup version 0.26.0-10-g1f06aea511 (webtiles) character file.

Game seed: 9316660734520415202

1378 MajorAdolf the Sneak (level 8, -9/72 HPs)
             Began as a Naga Wanderer on Feb 1, 2021.
             Was an Initiate of Gozag.
             Mangled by a water moccasin (10 damage)
             ... on level 5 of the Dungeon on Feb 3, 2021.
             The game lasted 00:12:02 (8033 turns).

MajorAdolf the Sneak (Naga Wanderer)                Turns: 8033, Time: 00:12:03

Health: -9/72      AC:  5    Str: 14    XL:     8   Next: 66%
Magic:  11/11      EV:  6    Int: 16    God:    Gozag
Gold:   317        SH:  4    Dex: 10    Spells: 10/11 levels left

rFire    . . .     SeeInvis +   s - +1 war axe
rCold    . . .     Faith    .   x - +0 buckler
rNeg     . . .     Spirit   .   i - +2 robe {Archmagi}
rPois    +         Reflect  .   (no helmet)
rElec    .         Harm     .   (no cloak)
rCorr    .         Rampage  .   (no gloves)
Will     +....                  (no barding)
Stlth    +++.......             (no amulet)
HPRegen  0.22/turn              y - -4 ring of evasion (curse)
MPRegen  0.12/turn              (no ring)

@: mighty, lethally poisoned (-9 -> -38), very slow
A: large, see invisible, deformed body, poison resistance, slowness 2, spit
poison 1, AC +2
a: Spit Poison, Renounce Religion, Potion Petition, Call Merchant, Bribe Branch


You were on level 5 of the Dungeon.
You worshipped Gozag.
Gozag was aware of your devotion.
You visited 2 branches of the dungeon, and saw 7 of its levels.

You collected 367 gold pieces.
You paid 50 gold pieces to Gozag.

Inventory:

Hand Weapons
 a - a +2 hand crossbow
 d - a +0 dagger
 p - a +0 hand axe
 s - a +1 war axe (weapon)
Missiles
 b - 7 bolts
Armour
 e - a +0 robe
 i - a +2 robe of the Archmagi (worn)
 q - a +0 scale mail of fire resistance
 x - a +0 buckler (worn)
Jewellery
 n - an uncursed amulet of magic regeneration
 y - a cursed -4 ring of evasion (left hand)
Wands
 c - a wand of disintegration (6)
 l - a wand of flame (13)
 v - a wand of digging (3)
Scrolls
 f - a scroll of teleportation {unknown}
 h - a scroll of remove curse
 j - a scroll of identify
 m - a scroll of enchant weapon
 r - a scroll of fog {unknown}
 t - 2 scrolls of magic mapping
Potions
 k - a potion of invisibility
 o - a potion of might
 u - 3 potions of brilliance {unknown}
 w - 3 potions of lignification {unknown}
 z - a potion of flight {unknown}
 A - a potion of degeneration {unknown}


   Skills:
 + Level 4.0 Fighting
 + Level 4.1 Axes
 - Level 1.7 Crossbows
 + Level 3.2 Dodging
 + Level 6.5 Stealth
 + Level 3.5 Shields
 - Level 2.0 Spellcasting
 - Level 3.0 Fire Magic
 + Level 3.9 Evocations


You had 10 spell levels left.
You knew the following spells:

 Your Spells              Type           Power        Failure   Level
a - Foxfire               Conj/Fire      36%          11%         1

Your spell library contained the following spells:

 Spells                   Type           Power        Failure   Level
 Inner Flame              Hex/Fire       9%           32%         3


Dungeon Overview and Level Annotations

Branches:
Dungeon (6/15)             Temple (1/1) D:5

Altars:
Ashenzari
Cheibriados
Dithmenos
Elyvilon
Fedhas
Gozag
Hepliaklqana
Kikubaaqudgha
Makhleb
Nemelex Xobeh
Okawaru
Qazlal
Ru
Sif Muna
Trog
Uskayaw
Vehumet
Wu Jian
Xom
Yredelemnul
Zin
The Shining One


Innate Abilities, Weirdness & Mutations

You cannot wear boots.
Your serpentine skin is tough. (AC +2)
You have supernaturally acute eyesight. (SInv)
Armour fits poorly on your strangely shaped body.
Your system is resistant to poisons. (rPois)
You cover ground very slowly.
You can spit poison.


Message History

The water moccasin bites you!
* * * LOW HITPOINT WARNING * * *
You block the water moccasin's attack.
Okay, then.
Okay, then.
It was a potion of might.
You feel very mighty all of a sudden.
* * * LOW HITPOINT WARNING * * *
You feel sick. The water moccasin barely misses you.
You block the water moccasin's attack.
Unknown command.
You barely miss the water moccasin.
The water moccasin is almost dead.
* * * LOW HITPOINT WARNING * * *
You feel sick. The water moccasin bites you.
* * * LOW HITPOINT WARNING * * *
You are more poisoned.
The water moccasin poisons you! The water moccasin bites you!
You die...
Your body crumbles into a pile of gold.

####### #....[## ####.###..#
#....# ##.#
#####################.#######.##
...........)....@..........##..#
#################S.....>...###.##
######.....................# #..#
..#....############.######## ##..
....#### #.....#.#############
...## #<................... ...#
#........############ ^..##
#######....# ....# ##..##.#


You could see a water moccasin.

Vanquished Creatures
  Grinder (D:3)
  A sky beast (D:5)
  2 phantoms
  An ogre (D:6)
  A bullfrog (D:6)
  A water moccasin skeleton (D:5)
  4 wights (D:5)
  A centaur zombie (D:5)
  A jelly (D:6)
  3 hounds
  Ijyb (D:4)
  An iguana (D:4)
  5 worker ants
  Terence (D:3)
  A hound skeleton (D:6)
  2 gnolls
  9 adders
  An ufetubus (D:5)
  An ooze (D:3)
  2 worms (D:4)
  2 dart slugs
  A leopard gecko (D:2)
  10 orcs
  A ball python (D:2)
  5 giant cockroaches
  8 hobgoblins
  6 jackals
  9 kobolds
  A quokka (D:4)
  3 bats
  5 frilled lizards
  7 goblins
  A quokka skeleton (D:4)
  4 rats
103 creatures vanquished.

Vanquished Creatures (others)
  6 plants (D:5)
6 creatures vanquished.

Grand Total: 109 creatures vanquished

Notes
Turn   | Place    | Note
-------+----------+-------------------------------------------
     0 | D:1      | MajorAdolf the Naga Wanderer began the quest for the Orb.
     0 | D:1      | MajorAdolf set off with the following items: a +2 hand
                  | crossbow, 26 bolts, a +0 mace, a +0 robe; and the following
                  | spell memorised: Foxfire; and the following spells
                  | available to memorise: Inner Flame
     0 | D:1      | Reached XP level 1. HP: 18/18 MP: 3/3
   114 | D:1      | Reached XP level 2. HP: 25/25 MP: 5/5
   203 | D:1      | Reached skill level 2 in Stealth
   744 | D:2      | Reached XP level 3. HP: 30/31 MP: 6/6
   774 | D:2      | Reached skill level 1 in Axes
   774 | D:2      | Reached skill level 1 in Evocations
  1250 | D:2      | Found a snail-covered altar of Cheibriados.
  1254 | D:2      | Reached XP level 4. HP: 38/38 MP: 7/7
  1270 | D:2      | Reached skill level 1 in Dodging
  1661 | D:3      | Reached skill level 3 in Stealth
  1845 | D:3      | Noticed Grinder
  1854 | D:3      | Paralysed by Grinder for 4 turns
  1858 | D:3      | Killed Grinder
  1859 | D:3      | Reached skill level 4 in Stealth
  1859 | D:3      | Reached XP level 5. HP: 36/46 MP: 8/8
  1859 | D:3      | Reached XP level 6. HP: 43/55 MP: 9/9
  1978 | D:3      | Noticed Terence
  1981 | D:3      | Killed Terence
  2266 | D:4      | Found a bloodstained altar of Trog.
  2319 | D:4      | Noticed Ijyb
  2324 | D:4      | Killed Ijyb
  2464 | D:4      | Reached XP level 7. HP: 45/61 MP: 10/10
  3038 | D:4      | Found a hazy altar of Hepliaklqana.
  3171 | D:5      | Entered Level 5 of the Dungeon
  3389 | D:5      | Reached skill level 5 in Stealth
  3557 | D:5      | Found a broken altar of Ashenzari.
  4457 | D:5      | Reached XP level 8. HP: 22/69 MP: 11/11
  5121 | D:5      | Found a staircase to the Ecumenical Temple.
  5729 | Temple   | Entered the Ecumenical Temple
  5988 | Temple   | Became a worshipper of Gozag Ym Sagoz the Greedy
  6860 | D:6      | Reached skill level 6 in Stealth
  8033 | D:5      | HP: 1/72 [water moccasin (6)]
  8033 | D:5      | Mangled by a water moccasin

Illustrated notes

Levels and vault maps discovered:
D:1:      doesnt_arrival_eight_statues, layout_rooms, serial_rivers,
          chequers_serial_rivers_micro_e, chequers_serial_rivers_micro_b,
          chequers_serial_rivers_small_a, chequers_serial_rivers_micro_d,
          chequers_serial_rivers_small_3
D:2:      layout_basic, kennysheep_slug_shrine, kennysheep_nondescript,
          kennysheep_minor_cross, minmay_between
D:3:      layout_basic, grunt_ministairs_2, uniq_terence, uniq_grinder
D:4:      layout_rooms, nzn_hepliaklqana_mist_gate, lemuel_round_altar,
          st_stairs_8, serial_park_tiny_2, sigmund_army, uniq_ijyb
D:5:      layout_rooms, ashenzari_altar_1, minmay_temple_entry_ruins,
          serial_bayou_crossing
D:6:      layout_loops_corners
Temple:   dpeg_five_rooms_temple

Skill      XL: |  1  2  3  4  5  6  7  8 |
---------------+-------------------------+-----
Stealth        | 2 4 5 6 |  6.5
Axes           | 1 2 3 4 |  4.1
Evocations     | 1 2 3 |  3.9
Dodging        | 1 2 3 |  3.2
Fighting       | 2 3 4 |  4.0
Shields        | 2 3 |  3.5
Crossbows      | |  1.7
Spellcasting   | |  2.0
Fire Magic     | |  3.0

Action                   |  1- 3 |  4- 6 |  7- 9 || total
-------------------------+-------+-------+-------++-------
Melee: War axe           |       |       |   260 ||   260
 Fire: Hand crossbow     |    21 |    71 |    35 ||   127
 Abil: Spit Poison       |    18 |     8 |    14 ||    40
  Use: Scroll            |       |       |    10 ||    10
       Potion            |       |       |     6 ||     6
 Stab: Sleeping          |       |       |     7 ||     7
Armor: Robe              |     4 |    11 |    86 ||   101
Dodge: Dodged            |     7 |    17 |   142 ||   166
Block: Buckler           |       |       |    37 ||    37
